 Dungeon Crawl Stone Soup version 0.22-a0-571-g4a923d4 (webtiles) character file.

56 iamserjio the Skirmisher (level 3, -8/24 HPs)
             Began as a Gargoyle Fighter on July 1, 2018.
             Splashed by Ijyb's acid (9 damage)
             ... on level 3 of the Dungeon.
             The game lasted 00:01:28 (176 turns).

iamserjio the Skirmisher (Gargoyle Fighter)          Turns: 176, Time: 00:01:28

Health: -8/24      AC:  6    Str: 24    XL:     3   Next: 95%
Magic:  3/3        EV:  7    Int:  8    God:
Gold:   69         SH:  9    Dex: 10    Spells: 2/2 levels left

rFire    . . .     SeeInvis .   a - +0 war axe
rCold    . . .     Gourm    .   c - +0 shield
rNeg     + . .     Faith    .   b - +0 scale mail
rPois    ∞         Spirit   .   (no helmet)
rElec    +         Reflect  .   (no cloak)
rCorr    .         Harm     .   (no gloves)
MR       .....                  (no boots)
Stlth    ..........             (no amulet)
HPRegen  0.08/turn              (no ring)
MPRegen  0.08/turn              (no ring)

@: mighty, corroded
A: negative energy resistance 1, electricity resistance, unbreathing,
petrification resistance, rot immunity, AC +3
a: no special abilities


You were on level 3 of the Dungeon.
You were not hungry.

You visited 1 branch of the dungeon, and saw 3 of its levels.

You collected 69 gold pieces.

Inventory:

Hand Weapons
 a - a +0 war axe (weapon)
Armour
 b - a +0 scale mail (worn)
 c - a +0 shield (worn)
Scrolls
 g - a scroll of amnesia {unknown}
 i - 2 scrolls of immolation {unknown}
Potions
 e - a potion of curing {unknown}
 h - a potion of berserk rage {unknown}
 j - a potion of mutation {unknown}
Comestibles
 f - a ration


   Skills:
 + Level 3.7 Fighting
 * Level 2.6 Axes
 + Level 3.7 Armour
 + Level 3.7 Shields


You had 2 spell levels left.
You didn't know any spells.
Your spell library was empty.

Dungeon Overview and Level Annotations

Branches:
Dungeon (3/15)

Altars:

Annotations:
D:3 Ijyb


Innate Abilities, Weirdness & Mutations

You are resistant to torment.
Your stone body is resilient. (AC +3)
You are immune to poison.
You resist negative energy. (rN+)
You are resistant to electric shocks. (rElec)
You can survive without breathing.
You are immune to petrification.
You are immune to rotting.


Message History

You block the gnoll's attack. x2; The gnoll hits you but does no damage.
You slash the gnoll!
You kill the gnoll!
You block the gnoll's attack. The gnoll closely misses you.
Found a leather armour.
You see here a gnoll corpse.
You slash the gnoll!
The gnoll is heavily wounded.
The gnoll hits you with a halberd.
You slash the gnoll!
You kill the gnoll!
The giant cockroach waves its antennae.
You block Ijyb's attack.
You closely miss Ijyb.
Ijyb zaps a wand.
The bolt of acid hits you!
Ouch! That really hurt!
* * * LOW HITPOINT WARNING * * *
The acid corrodes you!
You are splashed with acid!
The acid burns!
You die...

..#..#######
............
.###.###### ##
#..## #.).###
#.#...### .
#.###.(.##### ..[
#..
###.....####.....
##.
#####..@gg..... .
#####s..... .....
.... ... .. .


You could see Ijyb, a gnoll and a giant cockroach.

Vanquished Creatures
  3 gnolls (D:3)
  An adder (D:2)
  A dart slug (D:2)
  3 orcs (D:3)
  3 bats
  2 quokkas
  2 frilled lizards (D:3)
  2 rats (D:2)
17 creatures vanquished.

Notes
Turn   | Place    | Note
-------+----------+-------------------------------------------
     0 | D:1      | iamserjio the Gargoyle Fighter began the quest for the Orb.
     0 | D:1      | Reached XP level 1. HP: 14/14 MP: 1/1
    15 | D:2      | Reached XP level 2. HP: 19/19 MP: 2/2
    62 | D:3      | Reached XP level 3. HP: 21/23 MP: 3/3
   164 | D:3      | Noticed Ijyb
   176 | D:3      | HP: 1/24 [Ijyb/wand of acid (13) (15)]
   176 | D:3      | Splashed by Ijyb's acid

Vault maps used:
D:1:      minmay_arrival_open_corners, serial_glass, glass_columns_c,
          glass_columns_a, minmay_strange_pillars, hex_intersection
D:2:      grunt_temple_overflow_magic_moments, uniq_sigmund, uniq_natasha
D:3:      first_ration, uniq_grinder, uniq_ijyb

Skill      XL: |  1 |
---------------+----+-----
Axes           | 2 |  2.6
Fighting       | |  3.7
Armour         | |  3.7
Shields        | |  3.7

Action                   || total
-------------------------++-------
Melee: War axe           ||    25
  Use: Potion            ||     1
Armor: Scale mail        ||    23
Dodge: Dodged            ||    19
Block: Shield            ||    24

Table legend:
 A = Spawn XP
 B = Non-spawn XP
 C = Spawn XP percentage of total XP
 D = Spawn monster count
 E = Non-spawn monster count
 F = Spawn count percentage of total count
 G = Total turns spent on level
                    A         B        C        D         E        F      G
               +---------+---------+-------+---------+---------+-------+---------
         Total |       0 |      80 |   0.0 |       0 |      17 |   0.0 |   176
               +---------+---------+-------+---------+---------+-------+---------
           D:2 |       0 |      24 |   0.0 |       0 |       7 |   0.0 |    69
           D:3 |       0 |      56 |   0.0 |       0 |      10 |   0.0 |    81
               +---------+---------+-------+---------+---------+-------+---------
